 Dungeon Crawl Stone Soup version 0.20.1-1-g8b1a95d (webtiles) character file.

117 doot the Chopper (level 4, 0/37 HPs)
             Began as a Demonspawn Gladiator on Sept 17, 2017.
             Succumbed to an adder's poison
             ... on level 2 of the Dungeon.
             The game lasted 00:04:27 (1933 turns).

doot the Chopper (Demonspawn Gladiator)             Turns: 1933, Time: 00:04:27

Health: 0/37       AC:  4    Str: 17    XL:     4   Next: 71%
Magic:  4/4        EV: 19    Int: 12    God:
Gold:   128        SH:  0    Dex: 19    Spells: 3/3 levels left

rFire    x . .     SeeInvis .   a - +0 war axe
rCold    + . .     Gourm    .   (no shield)
rNeg     . . .     Faith    .   b - +0 leather armour
rPois    .         Spirit   .   c - +0 helmet
rElec    .         Reflect  .   (no cloak)
rCorr    .         Harm     .   (no gloves)
MR       .....                  (no boots)
Stlth    ++........             (no amulet)
Regen    0.2/turn               h - ring of ice
MPRegen  0.1/turn               (no ring)

@: agile, lethally poisoned (0 -> -1), hasted, very quick
A: clever 1, powered by pain 1, robust 1, strong 1, sturdy frame 1
a: no special abilities


You were on level 2 of the Dungeon.
You were hungry.

You visited 1 branch of the dungeon, and saw 2 of its levels.

You collected 128 gold pieces.

Inventory:

Hand Weapons
 a - a +0 war axe (weapon)
Missiles
 d - 3 throwing nets (quivered)
Armour
 b - a +0 leather armour (worn)
 c - a +0 helmet (worn)
Jewellery
 h - a ring of ice (left hand)
Scrolls
 e - a scroll of identify {unknown}
 g - 3 scrolls of enchant armour {unknown}
 k - a scroll of recharging {unknown}
Potions
 l - a potion of haste
Comestibles
 f - a bread ration


   Skills:
 + Level 2.6 Fighting
 + Level 3.8 Axes
 + Level 1.8 Throwing
 + Level 1.6 Armour
 + Level 3.2 Dodging


You had 3 spell levels left.
You didn't know any spells.

Dungeon Overview and Level Annotations

Branches:
Dungeon (2/15)

Altars:
Ashenzari


Innate Abilities, Weirdness & Mutations

You sometimes gain a little power by taking damage.
Your movements are slightly less encumbered by armour. (ER -2)
Your mind is acute. (Int +2)
You are robust. (+10% HP)
Your muscles are strong. (Str +2)


Message History

You feel agile all of a sudden.
Okay, then.
* * * LOW HITPOINT WARNING * * *
You feel sick.
Unknown command.
It was a potion of mutation.
You feel extremely strange.
You feel clever.
You feel robust.
You feel stronger.
Search for what [Enter for "plate", or ? for help]? potion Search for what [Enter for "potion", or ? for help]?
Unknown command.
Unknown command.
Unknown command.
* * * LOW HITPOINT WARNING * * *
You feel sick.
You see here 9 gold pieces.
A rat and a goblin come into view.
* * * LOW HITPOINT WARNING * * *
You feel sick.
You are feeling hungry.
You die...

###..<.###......####...
#.....## #......## #...
#.###.# #..###..###... ...
#.####..####..##... ....#
#.........###....#. #....#
#.........###...... #....
##.................
#####.#####........#........
.......@.....####.......
###.###...##....##......
.#...#.#####.........
#...........###....)..
#...........###w...†<.
#..#.........##.......#
..............w.##.....
####.........####......
...........# ......#.


There were no monsters in sight!

Vanquished Creatures
  Jessica (D:2)
  A gnoll (D:1)
  2 adders (D:2)
  2 oozes
  2 worms
  A dart slug (D:1)
  2 leopard geckos
  5 goblins (D:1)
  4 hobgoblins (D:1)
  2 jackals (D:1)
  13 kobolds
  3 bats (D:1)
  2 frilled lizards
  8 rats
48 creatures vanquished.

Notes
Turn   | Place    | Note
-------+----------+-------------------------------------------
     0 | D:1      | doot the Demonspawn Gladiator began the quest for the Orb.
     0 | D:1      | Reached XP level 1. HP: 16/16 MP: 1/1
   131 | D:1      | Gained mutation: Your movements are slightly less encumbered by armour. (ER -2) [demonic ancestry]
   131 | D:1      | Reached XP level 2. HP: 20/22 MP: 2/2
   583 | D:1      | Gained mutation: You sometimes gain a little power by taking damage. [demonic ancestry]
   583 | D:1      | Reached XP level 3. HP: 17/27 MP: 3/3
  1094 | D:1      | Reached skill level 1 in Armour
  1375 | D:2      | Noticed Jessica
  1387 | D:2      | Killed Jessica
  1387 | D:2      | Reached XP level 4. HP: 31/34 MP: 4/4
  1398 | D:2      | Found a shattered altar of Ashenzari.
  1916 | D:2      | Gained mutation: Your mind is acute. (Int +2) [potion of mutation]
  1916 | D:2      | Gained mutation: You are robust. (+10% HP) [potion of mutation]
  1916 | D:2      | Gained mutation: Your muscles are strong. (Str +2) [potion of mutation]
  1921 | D:2      | HP: 1/37 [poisoned by an adder]
  1927 | D:2      | HP: 1/37 [poisoned by an adder]
  1933 | D:2      | Succumbed to an adder's poison

Skill      XL: |  1  2  3 |
---------------+----------+-----
Axes           | 3 |  3.8
Dodging        | 3 |  3.2
Armour         | 1 |  1.6
Fighting       | |  2.6
Throwing       | |  1.8

Action                   |  1- 3 |  4- 6 || total
-------------------------+-------+-------++-------
Melee: War axe           |   114 |    44 ||   158
  Use: Potion            |       |     3 ||     3
  Eat: Chunk             |     2 |     1 ||     3
Armor: Leather armour    |    24 |    11 ||    35
Dodge: Dodged            |    92 |    40 ||   132
